 Dungeon Crawl Stone Soup version 0.25-a0-87-ga3d287bc14 (webtiles) character file.

Game seed: 5952500541925934302, levelgen mode: deterministic

153 MordorOrchid the Covered (level 5, -5/38 HPs)
             Began as a Demonspawn Skald on Nov 10, 2019.
             Killed from afar by Ijyb (18 damage)
             ... with a bolt of acid
             ... on level 4 of the Dungeon.
             The game lasted 00:05:45 (2579 turns).

MordorOrchid the Covered (Demonspawn Skald)         Turns: 2579, Time: 00:05:46

Health: -5/38      AC:  6    Str: 11    XL:     5   Next: 12%
Magic:  8/8        EV:  9    Int: 15    God:
Gold:   132        SH:  0    Dex: 13    Spells: 3/8 levels left

rFire    . . .     SeeInvis .   k - +2 dagger (venom)
rCold    . . .     Gourm    .   (no shield)
rNeg     . . .     Faith    .   y - +0 scale mail
rPois    .         Spirit   .   t - +1 helmet
rElec    .         Reflect  .   x - +0 cloak
rCorr    .         Harm     .   (no gloves)
MR       .....                  (no boots)
Stlth    ..........             j - amulet of regeneration
HPRegen  0.52/turn              (no ring)
MPRegen  0.11/turn              (no ring)

@: corroded, flying
A: powered by death 1
a: no special abilities


You were on level 4 of the Dungeon.
You were hungry.

You visited 1 branch of the dungeon, and saw 4 of its levels.

You collected 132 gold pieces.

Inventory:

Hand Weapons
 e - a +0 short sword
 k - a +2 dagger of venom (weapon)
Missiles
 b - 34 arrows
 d - 129 stones (quivered)
 g - 3 atropa-tipped darts
 r - 18 poisoned darts
 s - 15 bolts
 u - 9 curare-tipped darts
 v - 11 sling bullets
Armour
 a - a +0 leather armour
 h - a +0 ring mail
 t - a +1 helmet (worn)
 x - a +0 cloak (worn)
 y - a +0 scale mail (worn)
Jewellery
 j - an amulet of regeneration (around neck)
Scrolls
 f - 2 scrolls of remove curse {unknown}
 i - 2 scrolls of teleportation {unknown}
 o - a scroll of magic mapping {unknown}
Potions
 l - a potion of flight
 m - a potion of brilliance {unknown}
 n - a potion of mutation {unknown}
 p - a potion of heal wounds {unknown}
 q - a potion of agility {unknown}
 w - a potion of magic {unknown}
Comestibles
 c - 8 rations


   Skills:
 - Level 2.0 Fighting
 + Level 3.6 Armour
 - Level 1.7 Dodging
 * Level 3.2 Unarmed Combat
 - Level 2.0 Spellcasting
 - Level 2.6 Charms


You had 3 spell levels left.
You knew the following spells:

 Your Spells              Type           Power        Failure   Level  Hunger
a - Infusion              Chrm           #...         36%         1    #......
b - Song of Slaying       Chrm           #.......     52%         2    ###....
y - Shroud of Golubria    Chrm/Tloc      #.....       71%         2    ###....

Your spell library contained the following spells:

 Spells                   Type           Power        Failure   Level  Hunger
 Regeneration             Chrm/Necr      #.........   90%         3    ###....
 Spectral Weapon          Hex/Chrm       #.......     90%         3    ###....


Dungeon Overview and Level Annotations

Branches:
Dungeon (4/15)
 Temple: D:4-7

Altars:
Cheibriados

Annotations:
D:4 Ijyb


Innate Abilities, Weirdness & Mutations

You regenerate a little health from kills.


Message History

Ijyb is lightly wounded.
You kill the orc!
Ijyb hits you but does no damage.
The leopard gecko bites you but does no damage.
You hit Ijyb.
Ijyb looks as sick as possible!
Ijyb is moderately wounded.
An orc comes into view. It is wielding a +0 dagger.
Ijyb hits you but does no damage.
The leopard gecko bites you but does no damage.
You hit Ijyb but do no damage.
Ijyb looks as sick as possible!
Ijyb is moderately wounded.
Ijyb zaps a wand.
The bolt of acid hits you! The acid corrodes you!
You are splashed with acid!
The leopard gecko bites you.
Unknown command.
Unknown command.
You closely miss Ijyb.
Ijyb is heavily wounded.
The leopard gecko barely misses you.
Ijyb zaps a wand.
The bolt of acid hits you!!
You die...

#......#...'...# .
#......#...#...#
.#####......#..######
.......##'###..#######
.......#......)<.....#
.......#.............#
.......#.........##### .
.......#.........# ##..
.......'...##...@# .....
.......######..gl##......
........ #...o.......l
......... +............
.......... #######o.....
........... <.####
.#######.... .# . ####.
.# #


You could see Ijyb, 2 orcs and a leopard gecko.

Vanquished Creatures
  Natasha (D:3)
  A worker ant (D:4)
  3 adders
  A worm (D:4)
  3 dart slugs
  3 leopard geckos
  7 orcs
  A giant cockroach (D:1)
  10 goblins
  6 hobgoblins
  A quokka (D:4)
  A ball python (D:2)
  7 bats
  3 frilled lizards (D:2)
  7 kobolds
  4 rats (D:2)
59 creatures vanquished.

Notes
Turn   | Place    | Note
-------+----------+-------------------------------------------
     0 | D:1      | MordorOrchid the Demonspawn Skald began the quest for the
                  | Orb.
     0 | D:1      | Reached XP level 1. HP: 16/16 MP: 3/3
    45 | D:1      | Reached skill level 1 in Armour
   433 | D:1      | Gained mutation: You regenerate a little health from kills.
                  | [demonic ancestry]
   433 | D:1      | Reached XP level 2. HP: 17/22 MP: 5/5
  1201 | D:2      | Reached XP level 3. HP: 19/27 MP: 6/6
  1214 | D:2      | Learned a level 2 spell: Song of Slaying
  1217 | D:2      | Learned a level 2 spell: Shroud of Golubria
  1481 | D:2      | Found a snail-covered altar of Cheibriados.
  1889 | D:3      | Reached XP level 4. HP: 33/33 MP: 7/7
  2422 | D:4      | Noticed Natasha
  2449 | D:3      | Killed Natasha
  2536 | D:4      | Reached XP level 5. HP: 38/38 MP: 8/8
  2564 | D:4      | Noticed Ijyb
  2579 | D:4      | Killed from afar by Ijyb

Levels and vault maps discovered:
D:1:      onia_arrival_mini_spirals, layout_basic, minmay_fountain_box,
          chequers_serial_rivers_micro_e
D:2:      layout_rooms, cheibriados_altar_1
D:3:      layout_loops_ring
D:4:      layout_gridville, old_standard_altar, minmay_goblin_outpost,
          uniq_ijyb, uniq_natasha

Skill      XL: |  1  2  3  4 |
---------------+-------------+-----
Armour         | 1 2 3 |  3.6
Unarmed Combat | 2 3 |  3.2
Fighting       | |  2.0
Dodging        | |  1.7
Spellcasting   | |  2.0
Charms         | |  2.6

Action                   |  1- 3 |  4- 6 || total
-------------------------+-------+-------++-------
Melee: Short sword       |   163 |       ||   163
       Unarmed           |    12 |       ||    12
       Dagger            |    23 |    67 ||    90
       Punch             |     5 |       ||     5
Throw: Stone             |       |     5 ||     5
  Use: Potion            |       |     1 ||     1
  Eat: Chunk             |     3 |     2 ||     5
Armor: Leather armour    |     5 |       ||     5
       Ring mail         |    92 |    12 ||   104
       Scale mail        |       |    20 ||    20
Dodge: Dodged            |   143 |    24 ||   167

Table legend:
 A = Non-vault XP
 B = Vault XP
 C = Vault XP percentage of total XP
 D = Non-vault monster count
 E = Vault monster count
 F = Vault count percentage of total count
                 A         B        C        D         E       F
            +---------+---------+-------+---------+---------+-------
      Total |     177 |      42 |  19.2 |      54 |       5 |   8.5
            +---------+---------+-------+---------+---------+-------
        D:1 |      27 |       0 |   0.0 |      14 |       0 |   0.0
        D:2 |      63 |       0 |   0.0 |      25 |       0 |   0.0
        D:3 |      38 |      40 |  51.3 |       9 |       4 |  30.8
        D:4 |      49 |       2 |   3.9 |       6 |       1 |  14.3
            +---------+---------+-------+---------+---------+-------
